 Dungeon Crawl Stone Soup version 0.19-a0-1007-g133f65f (webtiles) character file.

472 HAL9000 the Ruffian (level 6, -2/47 HPs)
             Began as a Draconian Transmuter on July 19, 2016.
             Was a Follower of Makhleb.
             Shot with an arrow by a centaur (4 damage)
             ... on level 5 of the Dungeon.
             The game lasted 00:09:16 (4705 turns).

HAL9000 the Ruffian (Draconian Transmuter)          Turns: 4705, Time: 00:09:18

Health: -2/47      AC:  2    Str: 14    XL:     6   Next: 83%
Magic:  0/9        EV: 19    Int: 13    God:    Makhleb [*.....]
Gold:   238        SH:  0    Dex: 17    Spells: 3 memorised, 3 levels left

rFire  . . .     SeeInvis .       - Unarmed
rCold  . . .     Gourm    .     (armour unavailable)
rNeg   . . .     Faith    +     (shield currently unavailable)
rPois  x         Spirit   .     (helmet currently unavailable)
rElec  .         Dismiss  .     (cloak currently unavailable)
rCorr  .         Reflect  .     (gloves currently unavailable)
SustAt .         Harm     .     (boots currently unavailable)
MR     .....                    m - amulet of faith
Stlth  ++........               (no ring)
                                d - ring of flight

@: spider-form, very slightly contaminated, slowed, very slow, not resistant to
hostile enchantments, unstealthy
A: unfitting armour, (cold-blooded), AC +6
a: End Transformation, Renounce Religion, Evoke Flight


You were on level 5 of the Dungeon.
You worshipped Makhleb.
Makhleb was aware of your devotion.
You were hungry.
You were a venomous arachnid creature.
You visited 1 branch of the dungeon, and saw 5 of its levels.

You collected 238 gold pieces.

Inventory:

Missiles
 a - 35 arrows
Jewellery
 d - a ring of flight (left front leg)
 m - an amulet of faith (around neck)
Wands
 y - a wand of polymorph (8/24)
Scrolls
 e - 3 scrolls of remove curse
 g - a scroll of fear {unknown}
 l - 2 scrolls of recharging {unknown}
 n - 3 scrolls of teleportation
 o - a scroll of enchant armour {unknown}
 p - 2 scrolls of amnesia {unknown}
 q - a scroll of blinking {unknown}
 s - 4 scrolls of identify {unknown}
Potions
 j - a potion of flight {unknown}
 k - 3 potions of curing {unknown}
 t - a potion of heal wounds {unknown}
 v - 3 potions of haste {unknown}
 w - a potion of degeneration {unknown}
Books
 b - a book of Changes

   Spells                             Type                      Level
   a - Beastly Appendage              Transmutation                1
   b - Sticks to Snakes               Transmutation                2
   c - Spider Form                    Transmutation/Poison         3
   d - Ice Form                       Ice/Transmutation            4
   e - Blade Hands                    Transmutation                5
Comestibles
 c - 9 bread rations
 i - 2 meat rations
 r - 2 fruits
 u - 4 chunks of flesh
 x - a beef jerky


   Skills:
 - Level 1.1 Fighting
 - Level 1.7 Dodging
 + Level 5.8 Unarmed Combat
 - Level 2.0 Spellcasting
 + Level 5.5 Transmutations


You had 3 spell levels left.
You knew the following spells:

 Your Spells              Type           Power        Failure   Level  Hunger
a - Beastly Appendage     Tmut           ###...       10%         1    ##.....
b - Sticks to Snakes      Tmut           ###.....     14%         2    ###....
c - Spider Form           Tmut/Pois      #.........   50%         3    ####...


Dungeon Overview and Level Annotations

Branches:
Dungeon (5/15)
 Temple: D:4-7

Altars:
Ashenzari
Dithmenos
Elyvilon
Gozag
Kikubaaqudgha
Makhleb
Qazlal
Vehumet
Xom


Innate Abilities, Weirdness & Mutations

((Your plain brown scales are hard. (AC +6)))
Your body does not fit into most forms of armour.
((You are cold-blooded and may be slowed by cold attacks.))


Message History

You are very lightly contaminated with residual magic.
Nothing appears to happen.
You are feeling hungry.
The centaur shoots an arrow.
The arrow barely misses you.
Unknown command.
Casting: Spider Form
Confirm with . or Enter, or press ? or * to list all spells.
You miscast Spider Form.
You feel sick.
The centaur shoots an arrow.
The arrow hits you.
* * * LOW HITPOINT WARNING * * *
You feel yourself slow down. The arrow freezes you.
* * * LOW HITPOINT WARNING * * *
Unknown command.
Casting: Spider Form
Confirm with . or Enter, or press ? or * to list all spells.
You turn into a venomous arachnid creature.
The centaur shoots an arrow.
The arrow hits you!
* * * LOW HITPOINT WARNING * * *
The arrow freezes you.
You die...

.)....'...'.......# #
......#...#.......#.#
.....##...##.....##.###
#...###...###...##....
#####.....#######..#
..........'.......#
####......###.##(##
#......# #.##(#
#......# #.##s#
#......# #.##.#
#.#.#.>.......#
#.#...###...... #.###..
.####c #.# ##... .. ..
...


You could see a centaur.

Vanquished Creatures
  An ogre (D:4)
  Blork the orc (D:5)
  A howler monkey (D:5)
  A hound (D:5)
  Terence (D:2)
  An iguana (D:4)
  6 adders
  2 oozes
  An adder skeleton (D:4)
  A worm (D:3)
  A dart slug (D:2)
  3 giant geckos
  2 orcs
  A ball python (D:4)
  6 bats
  6 giant cockroaches
  6 goblins (D:1)
  7 hobgoblins
  13 jackals
  6 kobolds
  3 quokkas
  4 giant newts (D:1)
  11 rats
85 creatures vanquished.

Vanquished Creatures (collateral kills)
  A hound (D:3)
  4 adders
5 creatures vanquished.

Grand Total: 90 creatures vanquished

Notes
Turn   | Place    | Note
-------+----------+-------------------------------------------
     0 | D:1      | HAL9000 the Draconian Transmuter began the quest for the Orb.
     0 | D:1      | Reached XP level 1. HP: 16/16 MP: 3/3
   345 | D:1      | Reached XP level 2. HP: 23/23 MP: 3/5
   349 | D:1      | Learned a level 2 spell: Sticks to Snakes
   838 | D:1      | Reached XP level 3. HP: 27/28 MP: 4/6
  1555 | D:2      | Noticed Terence
  1577 | D:2      | Reached XP level 4. HP: 16/35 MP: 1/7
  1580 | D:2      | Killed Terence
  2308 | D:3      | Reached XP level 5. HP: 36/40 MP: 6/8
  2956 | D:3      | Found a burning altar of Makhleb.
  2968 | D:3      | Became a worshipper of Makhleb the Destroyer
  3391 | D:4      | Found a shattered altar of Ashenzari.
  3391 | D:4      | Found an ancient bone altar of Kikubaaqudgha.
  3393 | D:4      | Found a stormy altar of Qazlal.
  3421 | D:4      | Found a shadowy altar of Dithmenos.
  3424 | D:4      | Noticed an ogre
  3437 | D:4      | Learned a level 3 spell: Spider Form
  3462 | D:4      | Killed an ogre
  3462 | D:4      | Reached skill level 5 in Unarmed Combat
  3462 | D:4      | Reached XP level 6. HP: 45/47 MP: 6/9
  3650 | D:4      | Found an opulent altar of Gozag.
  3697 | D:4      | Reached skill level 5 in Transmutations
  3967 | D:4      | Found a radiant altar of Vehumet.
  3968 | D:4      | Found a white marble altar of Elyvilon.
  4146 | D:4      | Found a shimmering altar of Xom.
  4380 | D:5      | Entered Level 5 of the Dungeon
  4562 | D:5      | Noticed Blork the orc
  4569 | D:5      | Killed Blork the orc
  4569 | D:5      | Reached * piety under Makhleb
  4705 | D:5      | HP: 2/47 [centaur/arrow (11)]
  4705 | D:5      | Shot with an arrow by a centaur

Vault maps used:
D:1:      dpeg_arrival_chambers_temple_mockup
D:2:      first_bread, uniq_terence
D:3:      solitary_fountain, makhleb_blood_cavern_becter
D:4:      nicolae_overflow_quartered_altars,
          nicolae_gozag_cash_rules_everything_around_me, lemuel_crystal_altar,
          amethyst_overflow_temple_binary, supply_closet_lemuel
D:5:      kennysheep_six_static_rooms, dancing_weapons_uskayaw,
          old_standard_altar, uniq_blork_the_orc

Skill      XL: |  1  2  3  4  5  6 |
---------------+-------------------+-----
Transmutations | 3 4 5 |  5.5
Unarmed Combat | 4 5 |  5.8
Fighting       | |  1.1
Dodging        | |  1.7
Spellcasting   | |  2.0

Action                   |  1- 3 |  4- 6 || total
-------------------------+-------+-------++-------
Melee: Unarmed           |   139 |   213 ||   352
       Kick              |    16 |    16 ||    32
       Tailslap          |    12 |    17 ||    29
       Headbutt          |     3 |    10 ||    13
       Punch             |     3 |     4 ||     7
 Cast: Beastly Appendage |    19 |    17 ||    36
       Sticks to Snakes  |     5 |     6 ||    11
       Spider Form       |       |     4 ||     4
  Use: Scroll            |     1 |     1 ||     2
       Potion            |     1 |       ||     1
 Stab: Sleeping          |     1 |       ||     1
  Eat: Chunk             |     3 |    11 ||    14
Armor: Skin              |    56 |    64 ||   120
Dodge: Dodged            |    94 |   147 ||   241
